 Dungeon Crawl Stone Soup version 0.18-a0-1800-gdc7a371 (webtiles) character file.

56 tsujin the Ruffian (level 3, 0/28 HPs)
             Began as a Demonspawn Gladiator on Apr 24, 2016.
             Slain by a gnoll
             ... wielding a +0 spear
              (6 damage)
             ... on level 2 of the Dungeon.
             The game lasted 00:02:21 (1056 turns).

tsujin the Ruffian (Demonspawn Gladiator)           Turns: 1056, Time: 00:02:22

Health: 0/28       AC:  8    Str: 15    XL:     3   Next: 71%
Magic:  3/3        EV: 12    Int:  9    God:
Gold:   32         SH:  0    Dex: 14    Spells: 0 memorised, 2 levels left

rFire  + . .     SeeInvis .       - Unarmed
rCold  . . .     Gourm    .     k - +0 ring mail
rNeg   . . .     Faith    .     (no shield)
rPois  .         Spirit   .     b - +0 helmet
rElec  .         Dismiss  .     (no cloak)
rCorr  .         Reflect  .     (no gloves)
SustAt .         Harm     .     (no boots)
MR     .....                    (no amulet)
Stlth  +.........               (no ring)
                                (no ring)

@: very slightly contaminated, hasted, very quick, not resistant to hostile
enchantments, very unstealthy
A: slimy green scales 1, fire resistance 1
a: no special abilities


You were on level 2 of the Dungeon.
You were hungry.

You visited 1 branch of the dungeon, and saw 2 of its levels.

You collected 32 gold pieces.

Inventory:

Missiles
 c - 3 throwing nets (quivered)
 e - 3 javelins
Armour
 b - a +0 helmet (worn)
 k - a +0 ring mail (worn)
Scrolls
 f - 2 scrolls of fog {unknown}
 i - a scroll of noise {unknown}
 j - a scroll of amnesia {unknown}
 l - 2 scrolls of identify {unknown}
 m - a scroll of blinking {unknown}
 p - a scroll of enchant armour {unknown}
 q - a scroll of remove curse {unknown}
Comestibles
 d - 2 bread rations
 h - a royal jelly
 o - 4 fruits


   Skills:
 + Level 2.6 Fighting
 - Level 1.7 Throwing
 + Level 0.6 Armour
 + Level 3.1 Dodging
 + Level 3.3 Unarmed Combat


You had 2 spell levels left.
You didn't know any spells.

Dungeon Overview and Level Annotations

Branches:
Dungeon (2/15)

Altars:


Innate Abilities, Weirdness & Mutations

You are partially covered in slimy green scales (AC +2).
Your flesh is heat resistant.


Message History

You hit the gnoll but do no damage. The gnoll barely misses you.
Drink which item? (? for menu, Esc to quit)
It was a potion of cure mutation.
It has a very clean taste.
The gnoll closely misses you.
Drink which item? (? for menu, Esc to quit)
It was a potion of haste.
You feel yourself speed up. The gnoll hits you with a spear.
* * * LOW HITPOINT WARNING * * *
You are very lightly contaminated with residual magic.
You take 1 damage, and have 5/28 hp.
You closely miss the gnoll.
Your ring mail prevents you from hitting the gnoll.
The gnoll closely misses you.
You closely miss the gnoll. The gnoll misses you.
You punch the gnoll!
The gnoll is heavily wounded.
You hit the gnoll.
The gnoll is severely wounded.
The gnoll hits you with a spear.
You die...

#...# '...+ #...# #...#
#...# .<..# #### #####
#.. ###### #####g#
.....# #...#@#
.....#######...#.######
.....'.....'...'........
.....#######...#####.##.
.....# #...# .....#
#...# .....# #...#
###### ##### #


You could see a gnoll.

Vanquished Creatures
  A gnoll (D:2)
  An adder (D:2)
  An ooze (D:1)
  2 dart slugs (D:2)
  A ball python (D:1)
  3 giant cockroaches (D:1)
  3 hobgoblins (D:2)
  A quokka (D:1)
  4 bats
  4 giant newts
  A goblin (D:1)
  6 kobolds
  4 rats
32 creatures vanquished.

Notes
Turn   | Place    | Note
--------------------------------------------------------------
     0 | D:1      | tsujin the Demonspawn Gladiator began the quest for the Orb.
     0 | D:1      | Reached XP level 1. HP: 16/16 MP: 1/1
   161 | D:1      | Gained mutation: You are partially covered in slimy green scales (AC +2). [demonic ancestry]
   161 | D:1      | Reached XP level 2. HP: 19/22 MP: 2/2
   875 | D:2      | Gained mutation: Your flesh is heat resistant. [demonic ancestry]
   875 | D:2      | Reached XP level 3. HP: 28/28 MP: 3/3
  1056 | D:2      | Slain by a gnoll

Vault maps used:
D:1:      dpeg_arrival_boxes_within_box

Skill      XL: |  1  2 |
---------------+-------+-----
Unarmed Combat | 3 |  3.3
Dodging        | 3 |  3.1
Fighting       | |  2.6
Throwing       | |  1.7
Armour         | |  0.6

Action                   || total
-------------------------++-------
Melee: Unarmed           ||   149
       Punch             ||     1
  Use: Potion            ||     3
 Stab: Sleeping          ||     1
Armor: Leather armour    ||    11
       Ring mail         ||    61
Dodge: Dodged            ||   101
